Map: Berlingrad LE

Players

Abe

  • Race: Terran Terran
  • League: Gold

SendNubes

  • Race: Zerg Zerg
  • League: Gold

VOD

Have the link to the VOD?

Description

Time

  • Played on: Feb. 9, 2022, 6:52 p.m.
  • Length: 8:41
Show
View Real Time Build Order
Export as new Build Order

Abe Terran 

Build Orders:  

Get SALT Encoding   

  12  0:01  SCV  
  13  0:13  SCV  
  14  0:19  Supply Depot  
  14  0:26  SCV  
  15  0:29  Refinery  
  15  0:36  Refinery  
  15  0:50  Barracks  
  15  0:54  SCV  
  16  1:06  SCV  
  17  1:18  SCV  
  17  1:22  Supply Depot  
  19  1:32  SCV  
  19  1:38  Barracks Reactor  
  19  1:45  SCV  
  20  1:50  Factory  
  20  1:58  Orbital Command  
  20  2:23  Marine  
  22  2:31  Reaper  
  22  2:41  Reaper  
  22  2:42  Factory Tech Lab  
  23  2:58  Command Center  
  23  3:01  Supply Depot  
  23  3:04  Engineering Bay  
  22  3:28  Starport  
  22  3:30  Starport  
  22  3:31  Marine  
  22  3:32  Marine  
  22  3:46  Siege Tank  
  25  3:49  Marine  
  26  4:07  Starport Tech Lab  
  26  4:08  Starport Tech Lab  
  26  4:19  Marine x2  
  28  4:27  Cloaking Field  
  28  4:33  Planetary Fortress  
  28  4:36  Marine  
  29  4:39  Marine  
  30  4:51  Refinery x2  
  30  4:54  Marine  
  31  5:04  SCV  
  32  5:14  Banshee x2  
  32  5:16  SCV  
  32  5:20  SCV  
  41  5:28  SCV  
  41  5:39  Hyperflight Rotors  
  41  5:49  Missile Turret  
  41  5:51  Missile Turret  
  41  5:57  Missile Turret  
  41  6:04  Banshee  
  44  6:16  Banshee  
  47  6:19  SCV  
  47  6:20  Missile Turret  
  47  6:23  SCV  
  49  6:31  SCV  
  50  6:37  Supply Depot  
  50  6:43  SCV  
  50  6:46  Siege Tank  
  54  6:58  SCV  
  54  7:01  Supply Depot  
  55  7:19  Command Center  
  55  7:24  Marine  
  55  7:25  Marine  
  57  7:30  Cyclone  
  60  7:42  Marine x2  
  62  8:00  Marine x2  
  62  8:02  Siege Tank  
  67  8:18  Marine x2  
Show
View Real Time Build Order
Export as new Build Order

SendNubes Zerg 

Build Orders: Hatch First 

Get SALT Encoding   

  12  0:11  Overlord  
  12  0:20  Drone  
  12  0:21  Drone  
  14  0:30  Drone  
  15  0:46  Hatchery  
  14  0:50  Drone  
  14  0:54  Drone  
  16  1:01  Overlord  
  16  1:28  Drone x2  
  16  1:29  Drone  
  19  1:33  Spawning Pool  
  18  1:47  Extractor, Drone  
  18  1:54  Drone  
  18  1:58  Drone  
  20  2:20  Zergling x6, Hatchery  
  22  2:28  Drone x2  
  24  2:30  Drone  
  24  2:32  Queen  
  24  2:37  Queen  
  29  2:45  Overlord  
  29  2:58  Drone x2  
  29  2:59  Drone x2  
  33  3:21  Drone x4  
  37  3:28  Drone  
  37  3:32  Metabolic Boost  
  38  3:55  Roach Warren  
  37  4:06  Lair, Extractor  
  36  4:10  Extractor  
  36  4:11  Drone x3  
  36  4:14  Drone x7  
  36  4:15  Drone x4  
  49  4:26  Extractor  
  48  4:39  Queen  
  50  4:48  Overlord x3  
  50  4:49  Overlord  
  50  5:01  Overlord x2  
  50  5:23  Drone x3  
  50  5:25  Drone x3  
  50  5:26  Drone x2  
  50  5:28  Roach x11  
  72  5:34  Hydralisk Den  
  79  5:41  Spire, Drone x2  
  80  5:47  Glial Reconstitution  
  80  6:00  Overlord x2  
  80  6:01  Overlord  
  80  6:05  Drone x2  
  80  6:07  Drone  
  80  6:08  Drone x3  
  86  6:32  Hatchery  
  85  6:33  Evolution Chamber  
  85  6:35  Evolution Chamber, Hydralisk x10  
  103  6:48  Extractor  
  103  6:54  Extractor  
  101  7:06  Burrow  
  101  7:14  Overlord  
  101  7:15  Zergling x8  
  103  7:16  Zergling x2  
  106  7:24  Pneumatized Carapace  
  106  7:40  Baneling Nest  
  105  7:45  Roach  
  105  7:46  Roach x10  
  105  7:47  Drone x2  
  105  7:48  Drone x2  
  105  7:50  Drone x2  
  133  7:57  Overseer  
  133  7:58  Overseer  
Tags
 
Add a new tag
Caveats
  • Supply blocks, unpowered buildings, or Contaminate may cause inaccurate times.
  • Supply counts are checked every 10 seconds.